Map: Rhoskallian LE

Players

Bobo

  • Race: Protoss Protoss
  • Spawn Location: 6:00

snowpea

  • Race: Zerg Zerg
  • Spawn Location: 5:00

qqq - Winner!

  • Race: Zerg Zerg
  • Spawn Location: 11:00

Massa - Winner!

  • Race: Terran Terran
  • League: Platinum
  • Spawn Location: 12:00

VOD

Have the link to the VOD?

Description

Time

  • Played on: Nov. 1, 2020, 4:56 p.m.
  • Length: 12:39
Show
View Real Time Build Order
Export as new Build Order

Bobo Protoss 

Build Orders: Oracle Opening 

Get SALT Encoding   

  12  0:00  Probe  
  13  0:14  Pylon  
  13  0:18  Probe (Chrono Boost)  
  15  0:30  Probe (Chrono Boost)  
  15  0:35  Probe (Chrono Boost)  
  15  0:38  Gateway  
  16  0:44  Probe  
  16  0:49  Assimilator  
  17  0:56  Probe  
  18  1:02  Assimilator  
  18  1:09  Probe  
  19  1:21  Probe  
  20  1:27  Cybernetics Core  
  20  1:33  Probe  
  21  1:45  Probe  
  22  1:47  Pylon  
  22  1:57  Probe  
  23  2:04  Warp Gate (Chrono Boost)  
  23  2:06  Stargate  
  23  2:16  Forge  
  23  2:21  Gateway  
  23  2:25  Pylon  
  23  2:29  Stalker (Chrono Boost)  
  25  2:51  Stalker  
  27  3:12  Oracle (Chrono Boost)  
  30  3:26  Photon Cannon  
  30  3:55  Nexus  
  30  3:56  Gateway  
  33  4:06  Sentry  
  33  4:07  Void Ray  
  33  4:47  Stalker  
  33  4:48  Stalker  
  37  4:56  Probe  
  38  5:01  Void Ray  
  38  5:08  Probe  
  38  5:10  Pylon  
  38  5:13  Probe (Chrono Boost)  
  44  5:16  Pylon  
  45  5:25  Probe (Chrono Boost)  
  45  5:26  Probe (Chrono Boost)  
  45  5:27  Protoss Ground Weapons Level 1  
  46  5:32  Probe (Chrono Boost)  
  46  5:34  Probe (Chrono Boost)  
  48  5:39  Probe  
  49  5:44  Probe  
  49  5:46  Pylon  
  50  5:51  Probe  
  51  5:58  Robotics Facility  
  51  6:03  Probe  
  52  6:05  Zealot  
  52  6:06  Zealot  
  52  6:16  Probe (Chrono Boost)  
  53  6:25  Probe (Chrono Boost)  
  54  6:29  Photon Cannon  
  54  6:30  Probe (Chrono Boost)  
  54  6:32  Gateway  
  55  6:34  Gateway  
  55  6:40  Sentry x3  
  55  6:42  Probe  
  55  6:46  Observer  
  63  6:52  Probe  
  64  6:54  Probe  
  65  7:02  Assimilator  
  65  7:04  Pylon  
  65  7:05  Assimilator  
  65  7:06  Probe  
  65  7:07  Observer  
  67  7:13  Zealot x3  
  73  7:18  Probe  
  74  7:23  Void Ray  
  74  7:28  Observer  
  78  7:31  Zealot x2  
  82  7:41  Photon Cannon  
  82  7:45  Protoss Ground Armor Level 1 (Chrono Boost)  
  82  7:50  Photon Cannon  
  82  7:54  Observer  
  79  8:15  Stalker  
  79  8:16  Stalker x2  
  79  8:17  Stalker  
  81  8:27  Stalker  
  79  8:41  Probe, Pylon  
  80  8:46  Pylon  
  84  8:52  Phoenix  
  84  8:53  Probe  
  83  8:56  Stargate  
  83  8:59  Pylon  
  83  9:03  Pylon  
  83  9:05  Probe  
  84  9:13  Pylon  
  84  9:17  Probe  
  84  9:21  Phoenix  
  87  9:29  Probe  
  88  9:43  Stalker x5  
  98  9:45  Phoenix  
  98  9:46  Phoenix  
  102  10:10  Phoenix  
  102  10:11  Phoenix  
  102  10:13  Protoss Air Weapons Level 1 (Chrono Boost)  
  106  10:15  Nexus  
  106  10:17  Pylon  
  106  10:21  Pylon  
  106  10:25  Twilight Council  
  106  10:35  Phoenix  
  106  10:36  Phoenix  
  110  10:43  Pylon  
  106  11:00  Phoenix  
  106  11:01  Phoenix  
  110  11:25  Phoenix  
  110  11:26  Phoenix  
  112  11:41  Probe (Chrono Boost)  
  112  11:46  Observer  
  114  11:50  Phoenix x2  
  114  11:51  Probe (Chrono Boost)  
  119  11:56  Probe (Chrono Boost)  
  118  12:07  Probe  
  111  12:19  Probe  
Show
View Real Time Build Order
Export as new Build Order

snowpea Zerg 

Build Orders: Hatch First 

Get SALT Encoding   

  12  0:00  Drone  
  13  0:08  Drone  
  14  0:44  Hatchery  
  13  0:52  Spawning Pool  
  13  0:54  Drone  
  13  0:58  Drone  
  14  1:06  Extractor  
  13  1:11  Overlord  
  13  1:16  Drone  
  14  1:38  Drone x3  
  17  1:43  Queen  
  19  1:49  Drone  
  20  1:57  Drone  
  20  2:01  Zergling x2  
  22  2:09  Queen  
  22  2:14  Zergling x2  
  26  2:22  Drone  
  26  2:23  Drone  
  26  2:27  Metabolic Boost  
  27  2:30  Zergling x2  
  28  2:57  Overlord  
  28  3:00  Extractor  
  28  3:03  Extractor  
  28  3:05  Extractor, Zergling x6  
  28  3:06  Overlord  
  28  3:15  Zergling x2  
  28  3:16  Zergling x4  
  28  3:18  Zergling x2  
  28  3:19  Zergling x4  
  34  3:25  Zergling x4  
  36  3:30  Zergling x2  
  37  3:34  Drone  
  37  3:39  Drone  
  39  3:47  Spine Crawler  
  38  3:52  Drone  
  38  3:53  Drone  
  40  3:57  Drone  
  41  4:03  Drone  
  41  4:05  Drone  
  37  4:39  Zergling x12  
  43  4:59  Zergling x2  
  43  5:01  Overlord  
  43  5:05  Baneling Nest  
  43  5:06  Overlord  
  42  5:13  Zergling x2  
  43  5:19  Overlord  
  43  5:25  Zergling x10  
  36  5:42  Drone  
  36  5:43  Drone x6  
  36  5:49  Baneling x8  
  42  5:51  Zergling x4  
  42  5:52  Baneling  
  42  5:53  Baneling  
  43  6:14  Zergling x14  
  43  6:15  Zergling x2  
  51  6:24  Drone  
  52  6:26  Lair  
  52  6:29  Drone  
  53  6:41  Drone  
  53  6:55  Hatchery  
  53  6:58  Baneling x5  
  52  7:08  Zergling x4  
  52  7:09  Zergling x12  
  60  7:15  Drone x2  
  54  7:48  Spire  
  54  7:50  Spore Crawler  
  52  7:52  Spore Crawler x2  
  52  7:54  Spore Crawler x2  
  52  7:56  Spore Crawler  
  38  8:29  Zergling x12  
  38  8:30  Zergling x16  
  52  8:37  Drone x2  
  39  9:00  Mutalisk x6  
  50  9:04  Drone  
  50  9:05  Drone  
  52  9:22  Spore Crawler x2  
  50  9:27  Mutalisk  
  50  9:28  Mutalisk  
  54  9:36  Mutalisk  
  58  9:45  Drone x2  
  58  9:46  Drone  
  58  9:52  Drone x3  
  62  10:05  Corruptor  
  64  10:15  Mutalisk x2  
  64  10:21  Drone  
  69  10:23  Drone x3  
  60  10:56  Corruptor x2  
  60  10:57  Corruptor x2  
  61  11:00  Drone  
  61  11:01  Drone  
  69  11:16  Corruptor  
  69  11:18  Zergling x4  
  73  11:19  Drone  
  74  11:53  Overlord x4  
Show
View Real Time Build Order
Export as new Build Order

qqq Zerg - Winner!

Build Orders: Hatch First 

Get SALT Encoding   

  12  0:00  Drone  
  13  0:09  Drone  
  14  0:39  Hatchery  
  14  0:42  Drone  
  14  0:49  Overlord  
  14  1:09  Spawning Pool  
  14  1:10  Extractor  
  12  1:21  Drone  
  12  1:22  Drone  
  12  1:23  Drone  
  15  1:36  Drone  
  16  1:53  Drone  
  17  1:54  Drone  
  17  1:57  Queen  
  17  1:58  Drone  
  21  2:04  Drone  
  22  2:26  Drone x2  
  22  2:27  Drone  
  22  2:28  Overlord  
  22  2:29  Drone  
  26  2:42  Lair  
  26  2:47  Spore Crawler  
  26  2:49  Drone, Spore Crawler  
  24  2:52  Drone  
  24  2:56  Drone  
  26  2:58  Zergling x2  
  26  3:04  Metabolic Boost  
  27  3:08  Drone  
  28  3:14  Overlord  
  28  3:16  Zergling x2  
  28  3:19  Drone  
  30  3:21  Drone  
  31  3:29  Queen  
  31  3:32  Drone  
  34  3:36  Drone  
  34  3:38  Extractor, Drone  
  34  3:40  Drone  
  36  3:43  Drone  
  36  3:45  Drone  
  38  3:49  Drone  
  39  3:55  Drone  
  39  3:58  Overlord  
  39  4:02  Drone  
  41  4:03  Drone  
  41  4:25  Zergling x10  
  41  4:26  Zergling x2  
  41  4:27  Zergling x4  
  48  4:36  Spire  
  48  4:38  Zergling x2  
  48  4:39  Zergling x8  
  52  5:11  Overlord x3  
  52  5:23  Extractor  
  52  5:25  Extractor  
  50  5:30  Drone, Baneling Nest  
  49  5:41  Drone x3  
  52  5:43  Overlord  
  40  6:12  Hatchery, Drone x4  
  40  6:14  Mutalisk x5  
  53  6:19  Zerg Flyer Weapons Level 1  
  53  6:30  Drone x3  
  56  6:36  Mutalisk x3  
  62  6:45  Drone  
  63  6:52  Hatchery  
  63  6:54  Hatchery, Mutalisk x3  
  61  6:57  Corruptor  
  69  7:02  Drone  
  70  7:10  Corruptor  
  70  7:14  Mutalisk  
  74  7:33  Drone  
  75  7:41  Drone  
  75  7:43  Queen  
  78  7:48  Drone, Mutalisk x2  
  78  7:49  Mutalisk  
  85  7:52  Drone x2  
  85  7:53  Overlord  
  85  7:54  Overlord x2  
  87  8:10  Hatchery  
  82  8:33  Mutalisk x5  
  86  8:35  Zergling x10  
  86  8:36  Drone x3  
  86  8:37  Drone x2  
  86  8:41  Spine Crawler  
  95  8:43  Drone  
  95  8:45  Mutalisk  
  98  9:11  Drone x2  
  98  9:12  Drone x4  
  98  9:13  Mutalisk x2  
  98  9:14  Corruptor  
  110  9:22  Zerg Flyer Armor Level 1  
  110  9:44  Drone x2  
  110  9:45  Drone x4  
  116  9:46  Mutalisk x2  
  120  9:54  Infestation Pit  
  120  9:55  Hatchery  
  118  10:02  Hatchery  
  117  10:16  Overlord x5  
  117  10:17  Overlord  
  117  10:26  Spine Crawler  
  117  10:27  Spine Crawler  
  115  10:32  Overlord x2  
  110  10:56  Mutalisk x3  
  110  10:57  Mutalisk  
  112  10:58  Drone x6  
  124  11:15  Mutalisk x3  
  124  11:17  Drone x2  
  124  11:18  Drone  
  133  11:20  Zergling x2  
  134  11:32  Corruptor x2  
  136  11:34  Drone x4  
  136  11:35  Drone  
  136  11:36  Extractor  
  136  11:37  Extractor  
  136  11:38  Extractor  
  136  11:39  Extractor  
  137  11:41  Spine Crawler  
  137  11:45  Evolution Chamber  
  135  11:48  Evolution Chamber  
  135  11:50  Drone x2, Hydralisk Den  
  135  11:51  Drone x2  
  137  12:03  Corruptor  
Show
View Real Time Build Order
Export as new Build Order

Massa Terran - Winner!

Build Orders: Gas First Reaper Expand 

Get SALT Encoding   

  12  0:00  SCV  
  13  0:12  SCV  
  14  0:23  Supply Depot  
  14  0:24  SCV  
  15  0:33  Refinery  
  15  0:45  SCV  
  15  0:46  Barracks  
  16  0:57  SCV  
  17  1:09  SCV  
  18  1:21  SCV  
  19  1:33  Orbital Command  
  19  1:35  Reaper  
  20  1:48  Command Center  
  20  1:59  SCV  
  21  2:07  Marine  
  22  2:16  Factory  
  22  2:19  SCV  
  22  2:20  Supply Depot  
  23  2:25  Barracks Reactor  
  23  2:42  SCV  
  24  3:05  Factory Tech Lab  
  24  3:06  Marine x2  
  24  3:09  Orbital Command  
  24  3:11  SCV  
  27  3:19  Engineering Bay  
  27  3:20  Refinery  
  27  3:23  SCV, Marine  
  27  3:24  Marine  
  30  3:27  Starport  
  30  3:33  Refinery  
  30  3:35  SCV  
  30  3:38  SCV  
  32  3:41  Marine  
  32  3:42  Marine  
  32  3:45  Missile Turret  
  32  3:48  SCV  
  35  3:50  SCV  
  35  3:51  Missile Turret  
  35  3:55  Missile Turret  
  36  3:59  Marine  
  36  4:01  Barracks  
  37  4:05  Marine  
  37  4:08  Medivac  
  40  4:10  SCV  
  40  4:15  SCV  
  42  4:17  Marine  
  42  4:22  SCV  
  41  4:29  Widow Mine  
  41  4:30  Marine  
  38  4:35  Marine  
  31  4:47  Marine  
  31  4:51  Widow Mine  
  34  4:53  Marine  
  35  5:03  SCV x2  
  35  5:05  Marine  
  38  5:10  Marine  
  38  5:13  Siege Tank  
  42  5:15  SCV x2  
  43  5:23  Marine  
  43  5:27  SCV  
  45  5:28  Marine  
  46  5:44  Barracks Tech Lab  
  46  5:52  Barracks  
  46  6:02  Supply Depot  
  46  6:03  Supply Depot  
  46  6:05  Supply Depot  
  46  6:12  Armory  
  46  6:17  Supply Depot  
  46  6:19  Supply Depot  
  46  6:23  Liberator, Marine x2  
  46  6:24  SCV x2  
  53  6:29  Widow Mine  
  55  6:33  Stimpack  
  55  6:36  SCV x2  
  55  6:37  Marauder  
  55  6:39  Barracks Tech Lab  
  59  6:41  Marine x2  
  61  6:48  SCV x2  
  61  6:50  Widow Mine  
  65  7:00  SCV x2  
  67  7:01  Command Center  
  67  7:06  Missile Turret  
  67  7:09  Missile Turret  
  66  7:38  Marauder  
  66  7:39  Marauder, Marine x2  
  72  7:45  Combat Shield  
  72  7:47  SCV  
  72  7:48  SCV  
  74  7:57  Marine x2  
  76  8:00  SCV x2, Marauder x2  
  82  8:08  Widow Mine  
  84  8:15  Marine  
  84  8:18  Marine  
  86  8:21  Marauder x2  
  86  8:23  Starport Reactor  
  90  8:30  Widow Mine  
  90  8:32  Marine  
  93  8:36  Marine  
  93  8:39  Refinery  
  94  8:43  Marauder  
  96  8:56  Missile Turret  
  96  8:59  Missile Turret x3  
  96  9:08  Marauder x2, Marine  
  101  9:18  Supply Depot  
  101  9:19  Supply Depot  
  101  9:22  Supply Depot x3  
  101  9:24  Supply Depot  
  101  9:32  Siege Tank  
  101  9:39  Marine x2  
  101  9:40  Marauder x2  
  101  9:43  Orbital Command  
  101  9:45  SCV x2  
  109  9:57  SCV x2, Marine x2  
  109  9:58  Command Center  
  113  10:01  Marauder x2  
  113  10:04  Siege Tank  
  120  10:09  SCV x2  
  122  10:15  Marine x2  
  122  10:19  Medivac x2  
  128  10:23  Marauder x2  
  128  10:24  Terran Infantry Armor Level 1  
  128  10:28  Engineering Bay  
  132  10:30  Refinery  
  132  10:32  SCV x3  
  135  10:36  Siege Tank  
  138  10:44  SCV, Marauder  
  138  10:49  Medivac  
  143  10:53  Marauder  
  143  10:54  Armory, Marine x2  
  147  11:01  Barracks  
  147  11:03  Barracks  
  147  11:05  Marauder  
  147  11:10  Siege Tank  
  152  11:11  Marine  
  152  11:14  Supply Depot  
  152  11:15  Marauder  
  152  11:16  Supply Depot  
  155  11:27  Marauder  
  157  11:36  Marauder, Medivac x2  
  157  11:37  Supply Depot  
  157  11:38  Marine x2  
  165  11:42  Siege Tank  
  168  11:48  Marauder  
  170  11:56  Marine x2  
  170  11:57  Marauder  
  174  12:10  Marauder  
Tags
 
Add a new tag
Caveats
  • Supply blocks, unpowered buildings, or Contaminate may cause inaccurate times.
  • Supply counts are checked every 10 seconds.